 Dungeon Crawl Stone Soup version 0.27.1-34-g3ba077fa99 (webtiles) character file.

Game seed: 5599147596862919356

8356 Gabide the Cruncher (level 11, -1/89 HPs)
             Began as a Human Monk on Jan 24, 2022.
             Was a High Priest of Elyvilon.
             Slain by a two-headed ogre (25 damage)
             ... on level 11 of the Dungeon.
             The game lasted 00:25:52 (15241 turns).

Gabide the Cruncher (Human Monk)                   Turns: 15241, Time: 00:25:53

Health: -1/89      AC:  6    Str: 11    XL:     11   Next: 54%
Magic:  9/11       EV: 18    Int: 11    God:    Elyvilon [*****.]
Gold:   577        SH:  0    Dex: 19    Spells: 10/10 levels left

rFire    . . .     SeeInvis .   j - +6 quarterstaff
rCold    + . .     Faith    .   (shield currently unavailable)
rNeg     . . .     Spirit   .   b - +1 robe
rPois    .         Reflect  .   i - +0 helmet
rElec    .         Harm     .   a - +1 cloak
rCorr    +         Rampage  .   (no gloves)
Will     .....                  (no boots)
Stlth    ++++......             q - amulet of magic regeneration
HPRegen  0.24/turn              n - ring of protection from cold
MPRegen  0.37/turn              s - ring of resist corrosion

@: no status effects
A: no striking features
a: Renounce Religion, Lesser Healing, Heal Other, Purification, Greater Healing,
Divine Vigour, Divine Protection


You were on level 11 of the Dungeon.
You worshipped Elyvilon.
Elyvilon was extremely pleased with you.
You visited 2 branches of the dungeon, and saw 12 of its levels.

You collected 577 gold pieces.

Inventory:

Hand Weapons
 j - a +6 quarterstaff (weapon)
Missiles
 d - a javelin (quivered)
Armour
 a - a +1 cloak (worn)
 b - a +1 robe (worn)
 i - a +0 helmet (worn)
Jewellery
 h - a ring of fire
 n - a ring of protection from cold (left hand)
 q - an amulet of magic regeneration (around neck)
 s - a ring of resist corrosion (right hand)
Wands
 f - a wand of digging (13)
Scrolls
 e - 4 scrolls of identify
 g - a scroll of amnesia
 k - 2 scrolls of teleportation
 m - 2 scrolls of blinking {unknown}
 u - a scroll of noise {unknown}
Potions
 c - 2 potions of curing
 l - a potion of magic
 p - a potion of attraction
 r - a potion of brilliance
 t - a potion of berserk rage


   Skills:
 * Level 9.2 Fighting
 - Level 3.3(7.2) Maces & Flails
 + Level 10.1(10.3) Staves
 * Level 9.2 Dodging
 + Level 7.5 Stealth
 + Level 1.0 Invocations


You had 10 spell levels left.
You didn't know any spells.
Your spell library contained the following spells:

 Spells                   Type           Power      Damage    Failure   Level
 Corpse Rot               Necr/Air       N/A        N/A       47%         2
 Ensorcelled Hibernation  Hex/Ice        0%         N/A       47%         2
 Poisonous Vapours        Pois/Air       0%         N/A       47%         2
 Static Discharge         Conj/Air       0%         N/A       47%         2
 Gell's Gravitas          Tloc           0%         N/A       71%         3
 Lesser Beckoning         Tloc           0%         N/A       71%         3
 Spider Form              Tmut/Pois      0%         N/A       71%         3
 Teleport Other           Tloc           0%         N/A       71%         3
 Dispel Undead            Necr           0%         3d6       98%         4
 Sticky Flame             Conj/Fire      0%         2d3       98%         4
 Freezing Cloud           Conj/Ice/Air   0%         6-21      100%        5
 Shadow Creatures         Summ           N/A        N/A       100%        6


Dungeon Overview and Level Annotations

Branches:
Dungeon (11/15)            Temple (1/1) D:4            Lair (0/6) D:10
    Orc (0/2) D:10

Altars:
Ashenzari
Cheibriados
Dithmenos
Elyvilon
Fedhas
Gozag
Hepliaklqana
Makhleb
Nemelex Xobeh
Okawaru
Qazlal
Ru
Sif Muna
Trog
Uskayaw
Vehumet
Wu Jian
Xom
Yredelemnul
Zin
The Shining One

Portals:
Gauntlet: D:11


Message History

You hit the deep elf pyromancer.
The deep elf pyromancer is almost dead.
The fire elemental hits you. The fire elemental burns you!
You thump the deep elf pyromancer!
You kill the deep elf pyromancer!
The fire elemental disappears in a puff of smoke! x3
The two-headed ogre completely misses you.
The two-headed ogre barely misses you.
Throw: throwing net
Press: ? - help, Q - select action, (/) - cycle Shift-Dir - straight line, f - two-headed ogre
Aim: a two-headed ogre, wielding two +0 giant clubs (78% to hit)
You throw a throwing net.
The throwing net barely misses the two-headed ogre.
The two-headed ogre misses you.
The two-headed ogre completely misses you.
You sock the two-headed ogre!
The two-headed ogre is moderately wounded.
You sock the two-headed ogre!
The two-headed ogre is heavily wounded.
The two-headed ogre hits you with a +0 giant club!!
The two-headed ogre hits you with a +0 giant club!
Okay, then.
Press: ? - help, Dir - move target, f/p - two-headed ogre Heal: a two-headed ogre, wielding two +0 giant clubs (heavily wounded, uninterested) Unknown command.
You hit the two-headed ogre.
The two-headed ogre is heavily wounded.
There is a gate leading to a gauntlet here.
Beware, the minotaur awaits!
The two-headed ogre hits you with a +0 giant club!!
* * * LOW HITPOINT WARNING * * *
The two-headed ogre barely misses you.
Press: ? - help, Dir - move target, f/p - two-headed ogre Heal: a two-headed ogre, wielding two +0 giant clubs (heavily wounded, uninterested) Unknown command.
You are healed.
You thump the two-headed ogre!
The two-headed ogre is severely wounded.
The two-headed ogre hits you with a +0 giant club!!
You die...

?# #.. .# #.# #######.
#.###### ........
#......
##.....#######<##.####
.(................>..#
.......##..∩...#..####
###..).##......#O.#
#....##......#@.#
#)...##......#.<#
##+####......#.##
#......#'###
#..........#
###........+
#........#
.............
≈≈#........###


You could see a two-headed ogre.

Vanquished Creatures
  Harold (D:7)
  A boulder beetle (D:7)
  2 two-headed ogres
  A deep elf pyromancer (D:11)
  An ugly thing (D:6)
  An elephant (D:10)
  An unseen horror (D:10)
  A troll (D:9)
  2 shadows
  2 wyverns
  A basilisk (D:10)
  2 water moccasins (D:8)
  An orc warrior (D:10)
  A black bear (D:10)
  3 necrophages
  2 ogres
  A centaur (D:6)
  A kobold brigand (D:9)
  2 bullfrogs
  2 scorpions
  9 killer bees (D:9)
  A vampire bat (D:10)
  A jelly (D:4)
  A howler monkey (D:10)
  2 bullfrog zombies
  7 centaur zombies
  A hound (D:6)
  4 orc priests
  A centaur skeleton (D:7)
  A bullfrog skeleton (D:6)
  3 gnoll shamans
  4 iguanas
  9 orc wizards
  A killer bee zombie (D:6)
  10 gnolls
  A howler monkey skeleton (D:5)
  5 adders
  A white imp (D:4)
  2 ufetubi
  2 worms
  42 orcs
  8 ball pythons
  15 bats
  2 endoplasms
  3 giant cockroaches
  8 goblins
  4 hobgoblins
  5 jackals
  12 kobolds
  2 quokkas
  2 frilled lizards
  5 rats
203 creatures vanquished.

Vanquished Creatures (others)
  7 plants (D:7)
  6 withered plants (D:5)
13 creatures vanquished.

Grand Total: 216 creatures vanquished

Notes
Turn   | Place    | Note
-------+----------+-------------------------------------------
     0 | D:1      | Gabide the Human Monk began the quest for the Orb.
     0 | D:1      | Reached XP level 1. HP: 18/18 MP: 1/1
   174 | D:1      | Reached XP level 2. HP: 24/24 MP: 2/2
   721 | D:1      | Reached XP level 3. HP: 29/29 MP: 3/3
   729 | D:1      | Found a faded altar of an unknown god.
  2337 | D:2      | Reached XP level 4. HP: 35/35 MP: 4/4
  3832 | D:3      | Reached XP level 5. HP: 19/41 MP: 5/5
  3833 | D:3      | Reached skill level 1 in Staves
  4388 | D:3      | Reached XP level 6. HP: 48/48 MP: 6/6
  4825 | D:4      | Reached skill level 2 in Staves
  4825 | D:4      | Reached skill level 5 in Dodging
  5625 | D:4      | Found a staircase to the Ecumenical Temple.
  5634 | Temple   | Entered the Ecumenical Temple
  5640 | Temple   | Became a worshipper of Elyvilon the Healer
  5640 | Temple   | Reached * piety under Elyvilon
  5640 | Temple   | Reached ** piety under Elyvilon
  5876 | D:5      | Entered Level 5 of the Dungeon
  6110 | D:5      | Reached skill level 3 in Staves
  6114 | D:5      | Reached XP level 7. HP: 40/54 MP: 7/7
  6471 | D:5      | Reached skill level 4 in Staves
  6507 | D:5      | Noticed a wraith
  7650 | D:4      | Reached XP level 8. HP: 46/61 MP: 8/8
  7887 | D:5      | Reached skill level 5 in Fighting
  8342 | D:6      | Reached *** piety under Elyvilon
  8501 | D:6      | Reached skill level 5 in Staves
  9038 | D:6      | Noticed a brown ugly thing
  9151 | D:6      | Killed a brown ugly thing
  9152 | D:6      | Reached skill level 6 in Staves
  9152 | D:6      | Reached XP level 9. HP: 69/69 MP: 9/9
  9511 | D:7      | Found a shimmering blue altar of Sif Muna.
  9511 | D:7      | Reached **** piety under Elyvilon
  9526 | D:7      | Noticed Harold
  9551 | D:7      | Killed Harold
  9552 | D:7      | Reached skill level 7 in Staves
  9552 | D:7      | Reached skill level 5 in Stealth
 10049 | D:7      | Found a hazy altar of Hepliaklqana.
 10091 | D:7      | Noticed a boulder beetle
 10782 | D:7      | Killed a boulder beetle
 10783 | D:7      | Reached XP level 10. HP: 35/79 MP: 10/10
 11591 | D:8      | Reached skill level 1 in Invocations
 11627 | D:8      | Reached skill level 8 in Staves
 11985 | D:8      | Found a sparkling altar of Nemelex Xobeh.
 13347 | D:9      | Reached ***** piety under Elyvilon
 13356 | D:9      | Found a hide-covered altar of Uskayaw.
 13417 | D:9      | Noticed a two-headed ogre
 13435 | D:9      | Killed a two-headed ogre
 13656 | D:9      | Reached skill level 9 in Staves
 13868 | D:9      | Reached XP level 11. HP: 86/86 MP: 11/11
 13976 | D:10     | Entered Level 10 of the Dungeon
 13984 | D:10     | Found a staircase to the Lair.
 13984 | D:10     | Noticed an elephant
 14015 | D:10     | Killed an elephant
 14479 | D:10     | Found a shimmering altar of Xom.
 14784 | D:10     | Found a staircase to the Orcish Mines.
 14878 | D:10     | Noticed a two-headed ogre
 14887 | D:10     | Killed a two-headed ogre
 15033 | D:10     | Reached skill level 10 in Staves
 15203 | D:11     | Found a gate leading to a gauntlet.
 15212 | D:11     | Noticed a deep elf pyromancer
 15214 | D:11     | Noticed a two-headed ogre
 15223 | D:11     | Killed a deep elf pyromancer
 15241 | D:11     | Slain by a two-headed ogre

Illustrated notes

Levels and vault maps discovered:
D:1:      sevenhm_arrival_forest_fort_large_1, layout_loops_ring,
          dreamdust_ecumenical_altar_statues
D:2:      layout_loops_cross
D:3:      layout_loops_ring
D:4:      layout_basic, lemuel_temple_firewalk_b
D:5:      layout_gridville, kiku_gazebo_garden_becter, minmay_joined_circles,
          uniq_sigmund
D:6:      minmay_chambers_of_fours, layout_basic
D:7:      layout_basic, mainiacjoe_overflow_six_doors_small,
          nicolae_hepliaklqana_hazy_memory, uniq_harold
D:8:      layout_loops_corners, lemuel_crystal_altar, due_unseen_surprise
D:9:      layout_rooms, mainiacjoe_overflow_surrounded_room,
          corexii_corridor_pit
D:10:     layout_roguey, mainiacjoe_overflow_24_doors, david_lair_generic,
          hiddenorc1_lemuel, serial_rivers, chequers_serial_rivers_micro_b,
          chequers_serial_rivers_micro_a, chequers_serial_rivers_small_b,
          chequers_serial_rivers_micro_d, roderic_batcave
D:11:     layout_basic, gauntlet_entry_generic, nicolae_trove_entry_path_of_doom
Temple:   eino_temple_rhombus

Skill      XL: |  1  2  3  4  5  6  7  8  9 10 11 |
---------------+----------------------------------+-----
Dodging        | 4 5 6 7 8 9 |  9.2
Staves         | 1 3 4 6 7 9 10 | 10.1
Fighting       | 4 6 7 8 9 |  9.2
Stealth        | 4 6 7 |  7.5
Invocations    | 1 |  1.0
Maces & Flails | |  3.3

Action                   |  1- 3 |  4- 6 |  7- 9 | 10-12 || total
-------------------------+-------+-------+-------+-------++-------
Melee: Mace              |    92 |    46 |       |       ||   138
       Quarterstaff      |       |   117 |   220 |   305 ||   642
Throw: Javelin           |     3 |     5 |     2 |     4 ||    14
       Throwing net      |       |       |     1 |     7 ||     8
Invok: Greater Healing   |       |       |     3 |     1 ||     4
Evoke: Wand              |       |     6 |    13 |       ||    19
  Use: Potion            |       |     6 |     2 |     1 ||     9
       Scroll            |       |     5 |     9 |     3 ||    17
 Stab: Sleeping          |     5 |     8 |     9 |     5 ||    27
       Paralysed         |       |       |    20 |       ||    20
       Held in net/web   |       |       |       |     5 ||     5
       Distracted        |       |       |       |     1 ||     1
Armor: Robe              |    11 |    31 |    44 |    77 ||   163
       Skin              |       |       |     9 |     4 ||    13
Dodge: Dodged            |    71 |   122 |   178 |   281 ||   652
